 Dungeon Crawl Stone Soup version 0.31.0-9-g3a7656b989 (webtiles) character file.

Game seed: 2776687659741923426

219 Axelsxxd the Ruffian (level 5, -9/36 HPs)
             Began as an Octopode Shapeshifter on Feb 4, 2024.
             Killed from afar by Robin (11 damage)
             ... with a puff of flame
             ... on level 3 of the Dungeon.
             The game lasted 00:02:06 (1442 turns).

Axelsxxd the Ruffian (Octopode Shapeshifter)        Turns: 1442, Time: 00:02:07

Health: -9/36      AC:  5    Str: 15    XL:     5   Next: 96%
Magic:  5/5        EV: 13    Int: 13    God:
Gold:   94         SH:  0    Dex: 11    Spells: 4/4 levels left

rFire   . .          .
                       - Unarmed
rCold   + . .        (no shield)
rNeg    . . .        (helmet currently unavailable)
rPois   +            (no amulet)
rElec   .            f - +4 ring of protection
rCorr   .            l - ring of ice
SInv    .            j - ring of protection from fire
Will    .....        p - ring of poison resistance
Stlth   +++          (no ring)
HPRegen 0.26/turn    (no ring)
MPRegen 0.09/turn    (no ring)
                     (no ring)

%: no passive effects
@: beast-form
A: beast (slay +2), almost no armour, amphibious, 8 rings, camouflage 1,
gelatinous body 1, nimble swimmer 1, tentacles
a: Begin Untransformation


You were on level 3 of the Dungeon.
You were a hulking beast.
You visited 1 branch of the dungeon, and saw 3 of its levels.

You collected 94 gold pieces.

Inventory:

Jewellery
 f - a +4 ring of protection (left tentacle)
 j - a ring of protection from fire (on tentacle)
 l - a ring of ice (right tentacle)
 o - a ring of fire
 p - a ring of poison resistance (on tentacle)
Talismans
 b - a beast talisman (active)
 c - a flux talisman
Scrolls
 e - 3 scrolls of revelation
 h - a scroll of identify {unknown}
 i - 2 scrolls of teleportation {unknown}
 k - a scroll of immolation {unknown}
Potions
 a - 2 potions of lignification
 d - 3 potions of curing {unknown}
 g - a potion of brilliance {unknown}
 m - 2 potions of enlightenment {unknown}
 n - a potion of resistance {unknown}


   Skills:
 + Level 3.0 Fighting
 - Level 3.0 Dodging
 + Level 4.2 Unarmed Combat
 + Level 4.0 Shapeshifting


You had 4 spell levels left.
You didn't know any spells.
Your spell library was empty.

Dungeon Overview and Level Annotations

Branches:
Dungeon (3/15)

Altars:

Portals:
Sewer: D:3

Annotations:
D:3 Robin


Innate Abilities, Weirdness & Mutations

You are a hulking beast.
Your limbs bulge with bestial killing power. (Slay +2)
You cannot wear most types of armour.
You are amphibious.
You can wear up to eight rings at the same time.
Your skin changes colour to match your surroundings (Stealth+).
Your rubbery body absorbs attacks. (AC +1, EV +1)
You are camouflaged when in or above water. (Stealth+)
You have tentacles for arms and can constrict up to eight enemies at once.


Message History

The goblin is heavily wounded.
The goblin closely misses you. x2
The goblin splashes around in the water.
Unknown command.
Unknown command.
You tentacle-slap the goblin.
You kill the goblin!
You hear a splash. x2
Robin zaps a wand.
The puff of flame hits you. The goblin misses you.
The goblin hits you but does no damage.
Unknown command.
You tentacle-slap the hobgoblin.
You kill the hobgoblin!
You are engulfed in a cloud of scalding steam.
Robin throws the goblin at you! The goblin closely misses you.
The goblin splashes around in the water.
Unknown command.
You bludgeon the goblin!
You kill the goblin!
You hear a splash.
You are engulfed in a cloud of scalding steam.
* * * LOW HITPOINT WARNING * * *
The goblin hits you but does no damage.
Unknown command.
You are too injured to fight recklessly!
Unknown command.
You are too injured to fight recklessly!
Unknown command.
Unknown command.
You are too injured to fight recklessly!
You tentacle-slap Robin but do no damage.
You grab Robin. You squeeze Robin, but do no damage.
You are engulfed in a cloud of scalding steam.
You constrict Robin, but do no damage. The goblin hits you but does no damage.
You barely miss Robin.
You are engulfed in a cloud of scalding steam.
* * * LOW HITPOINT WARNING * * *
You constrict Robin.
Robin zaps a wand.
The puff of flame hits you!
You die...
Robin calls out, "Let's celebrate!
Time for a feast!"

#.##.#.#.........##
####.##........#......
.......##.#.##.#....#
.#.#.#.##.#.# ....#####
##.#......#.####.......
.......####..........#
##.##..####$†........#
##.##.........~~)....#
...##.##.#...)~~hg..##
####...#.##..~~g)g..# #
#... ##..~~~~~..# ##
..... #...~~~?.....
.#...... .............$.
##.......##.............
# ####.#...#.### #
#.#$..#.#


You could see Robin and 2 goblins.

Vanquished Creatures
  A black bear (D:2)
  Natasha (thrice) (D:2)
  An adder (D:2)
  A ribbon worm (D:3)
  5 ball pythons
  3 bats (D:2)
  4 endoplasms
  A giant cockroach (D:1)
  5 goblins
  6 hobgoblins
  4 jackals (D:2)
  A quokka (D:1)
  A frilled lizard (D:2)
  4 kobolds
  4 rats
44 creatures vanquished.

Notes
Turn   | Place    | Note
-------+----------+-------------------------------------------
     0 | D:1      | Axelsxxd the Octopode Shapeshifter began the quest for the
                  | Orb.
     0 | D:1      | Reached XP level 1. HP: 13/13 MP: 1/1
   226 | D:1      | Reached XP level 2. HP: 18/18 MP: 2/2
   718 | D:2      | Noticed a black bear
   728 | D:2      | Killed a black bear
   729 | D:2      | Reached XP level 3. HP: 18/24 MP: 3/3
   729 | D:2      | Reached XP level 4. HP: 22/29 MP: 4/4
   831 | D:2      | Reached XP level 5. HP: 35/35 MP: 5/5
  1034 | D:2      | Noticed Natasha
  1039 | D:2      | Killed Natasha
  1185 | D:2      | Noticed Natasha
  1194 | D:2      | Killed Natasha
  1202 | D:2      | Noticed Natasha
  1208 | D:2      | Killed Natasha
  1421 | D:3      | Found a glowing drain.
  1430 | D:3      | Noticed Robin
  1442 | D:3      | Killed from afar by Robin

Illustrated notes

Levels and vault maps discovered:
D:1:      dpeg_arrival_fog, layout_loops_cross
D:2:      layout_basic, amcnicky_mini_pool_small, uniq_natasha
D:3:      layout_loops_cross, portal_sewer_entry_a, minmay_ruptured,
          uniq_sigmund, uniq_terence, uniq_robin, uniq_ijyb

Skill      XL: |  1  2  3  4  5 |
---------------+----------------+-----
Fighting       | 2 3 |  3.0
Dodging        | 3 |  3.0
Unarmed Combat | 4 |  4.2
Shapeshifting  | 4 |  4.0

Action                     |  1- 3 |  4- 6 || total
---------------------------+-------+-------++-------
  Melee: Unarmed           |    37 |    53 ||    90
         Constrict         |    10 |    12 ||    22
         Tentacles         |     7 |    11 ||    18
         Punch             |     2 |     2 ||     4
    Use: Scroll            |     1 |       ||     1
   Stab: Sleeping          |     3 |     4 ||     7
 Armour: Skin              |    14 |    34 ||    48
  Dodge: Dodged            |    22 |    29 ||    51
   Form: Beast             |     2 |       ||     2
                           |     1 |       ||     1
